EL
READING FIGHTIN PHILS @ HARRISBURG SENATORS
09/08/2047
 
TOP OF THE 1ST
Reading Fightin Phils batting - Pitching for Harrisburg Senators : RHP Jason Beck
Pitching: RHP Jason Beck
Batting: RHB Prabhukumar Santhanakrishnan 0-0: Ball
1-0: Ball
2-0: Ground out 1-3 (Groundball, 13, EV 71.9 MPH)
Batting: RHB Mark Schultz 0-0: Foul Ball, location: 2F
0-1: Ball
1-1: Foul Ball, location: 2F
1-2: Ball
2-2: Foul Ball, location: 2F
2-2: Ground out 4-3 (Groundball, 4, EV 81.2 MPH)
Batting: LHB Josh George 0-0: Swinging Strike
0-1: Foul Ball, location: 2F
0-2: Ball
1-2: Strikes out swinging
Top of the 1st over - 0 runs, 0 hits, 0 errors, 0 left on base; Reading 0 - Harrisburg 0
BOTTOM OF THE 1ST
Harrisburg Senators batting - Pitching for Reading Fightin Phils : RHP Georgs Felitti
Pitching: RHP Georgs Felitti
Batting: RHB Paul Shell 0-0: Ground out 5-3 (Groundball, 5L, EV 90.0 MPH)
Batting: RHB Pat Drader 0-0: Ball
1-0: Called Strike
1-1: Fly out, F8 (Line Drive, 8RM, EV 95.0 MPH)
Batting: RHB Antonio Laurel 0-0: Called Strike
0-1: Called Strike
0-2: Ball
1-2: Ball
2-2: Fly out, F8 (Flyball, 8RM, EV 91.9 MPH)
Bottom of the 1st over - 0 runs, 0 hits, 0 errors, 0 left on base; Reading 0 - Harrisburg 0
TOP OF THE 2ND
Reading Fightin Phils batting - Pitching for Harrisburg Senators : RHP Jason Beck
Batting: RHB Abel Surraca 0-0: Ball
1-0: Swinging Strike
1-1: Ground out 5-3 (Groundball, 25, EV 82.5 MPH)
Batting: RHB Kyle Reilly 0-0: Called Strike
0-1: Ball
1-1: Ball
2-1: Foul Ball, location: 2F
2-2: Foul Ball, location: 2F
2-2: SINGLE (Line Drive, 56, EV 97.5 MPH)
Batting: LHB Alex Fernandez 0-0: Ground out 4-3 (Groundball, 4, EV 87.5 MPH)
Kyle Reilly to second
Batting: RHB Bill Moldenhauer 0-0: Foul Ball, location: 2F
0-1: Ball
1-1: Ball
2-1: Foul Ball, location: 2F
2-2: Ball
3-2: Ground out 4-3 (Groundball, 4, EV 94.4 MPH)
Top of the 2nd over - 0 runs, 1 hit, 0 errors, 1 left on base; Reading 0 - Harrisburg 0
BOTTOM OF THE 2ND
Harrisburg Senators batting - Pitching for Reading Fightin Phils : RHP Georgs Felitti
Batting: RHB Donovan Auclair 0-0: Ball
1-0: Ball
2-0: Called Strike
2-1: Ball
3-1: DOUBLE (Line Drive, 89XD, EV 104.4 MPH)
Batting: LHB John Luke 0-0: Called Strike
0-1: Called Strike
0-2: Ball
1-2: Ball
2-2: Ball
3-2: Base on Balls
Batting: RHB Gabe Almazan 0-0: Ball
1-0: Called Strike
1-1: Swinging Strike
1-2: SINGLE (Groundball, 56D, EV 105.6 MPH)
Donovan Auclair to third
John Luke to second
Batting: RHB Bryan Wheeler 0-0: Ball
1-0: Foul Ball, location: 2F
1-1: Grounds into fielders choice U2 (Groundball, 2L, EV 75.6 MPH)
John Luke to third
Gabe Almazan to second
Batting: LHB Nate Melendez 0-0: Fielders Choice at 2nd, 4-6 (Groundball, 4, EV 81.9 MPH)
John Luke scores
Gabe Almazan to third
Batting: RHB Naofumi Ishida 0-0: Called Strike
0-1: Ground out 4-3 (Groundball, 34S, EV 83.8 MPH)
Bottom of the 2nd over - 1 run, 2 hits, 0 errors, 2 left on base; Reading 0 - Harrisburg 1
TOP OF THE 3RD
Reading Fightin Phils batting - Pitching for Harrisburg Senators : RHP Jason Beck
Batting: RHB Bryan Alfaro 0-0: Ground out 6-3 (Groundball, 6, EV 86.9 MPH)
Batting: SHB Detlef Oursler 0-0: Ball
1-0: Ball
2-0: Ball
3-0: Called Strike
3-1: Foul Ball, location: 2F
3-2: Foul Ball, location: 2F
3-2: Foul Ball, location: 2F
3-2: SINGLE (Groundball, 56D, EV 106.2 MPH)
Batting: RHB Prabhukumar Santhanakrishnan 0-0: Ball
Detlef Oursler steals 2nd base
1-0: Foul Ball, location: 2F
1-1: Called Strike
1-2: Ball
2-2: Foul Ball, location: 2F
2-2: Strikes out looking
Batting: RHB Mark Schultz 0-0: Ball
1-0: Foul Ball, location: 2F
1-1: SINGLE (Flyball, 6D, EV 92.5 MPH)
Detlef Oursler to third
Batting: LHB Josh George 0-0: Called Strike
0-1: Ball
1-1: DOUBLE (Line Drive, 7LM, EV 108.8 MPH)
Detlef Oursler scores
Mark Schultz to third
Runner from 3rd tries for Home, SAFE, throw by LF to home
Batting: RHB Abel Surraca 0-0: Ball
1-0: 2-RUN HOME RUN (Flyball, 9D, EV 94.4 MPH), Distance : 361 ft
Batting: RHB Kyle Reilly 0-0: Called Strike
0-1: Reached on error, E3 (Groundball, 34, EV 103.8 MPH)
Batting: LHB Alex Fernandez 0-0: Called Strike
0-1: Foul Ball, location: 2F
0-2: Ball
1-2: Foul Ball, location: 2F
1-2: Foul Ball, location: 2F
1-2: Fielders Choice at 2nd, 6-4 (Groundball, 6D, EV 97.5 MPH)
Top of the 3rd over - 4 runs, 4 hits, 1 error, 1 left on base; Reading 4 - Harrisburg 1
BOTTOM OF THE 3RD
Harrisburg Senators batting - Pitching for Reading Fightin Phils : RHP Georgs Felitti
Batting: RHB Paul Shell 0-0: Called Strike
0-1: Fly out, F9 (Line Drive, 9S, EV 105.0 MPH)
Batting: RHB Pat Drader 0-0: Foul Ball, location: 2F
0-1: Ball
1-1: Swinging Strike
1-2: Strikes out looking
Batting: RHB Antonio Laurel 0-0: Ball
1-0: Ball
2-0: Called Strike
2-1: Foul Ball, location: 2F
2-2: SINGLE (Groundball, 6M, EV 108.1 MPH) (infield hit)
Batting: RHB Donovan Auclair 0-0: Fielders Choice at 2nd, 6-4 (Groundball, 6, EV 87.5 MPH)
Bottom of the 3rd over - 0 runs, 1 hit, 0 errors, 1 left on base; Reading 4 - Harrisburg 1
TOP OF THE 4TH
Reading Fightin Phils batting - Pitching for Harrisburg Senators : RHP Jason Beck
Batting: RHB Bill Moldenhauer 0-0: Ball
1-0: Foul Ball, location: 2F
1-1: Foul Ball, location: 2F
1-2: Ball
2-2: Ball
3-2: Foul Ball, location: 2F
3-2: Base on Balls
Batting: RHB Bryan Alfaro 0-0: Ball
1-0: Ball
2-0: Ball
3-0: Base on Balls
Bill Moldenhauer to second
Batting: SHB Detlef Oursler 0-0: Ball
1-0: Ball
2-0: Swinging Strike
2-1: TRIPLE (Line Drive, 89XD, EV 103.1 MPH)
Bill Moldenhauer scores
Bryan Alfaro scores
Pitching: RHP Chris Close
Batting: RHB Prabhukumar Santhanakrishnan 0-0: Called Strike
0-1: Ball
1-1: DOUBLE (Line Drive, 7LS, EV 103.1 MPH)
Detlef Oursler scores
Batting: RHB Mark Schultz 0-0: Ball
1-0: Called Strike
1-1: 2-RUN HOME RUN (Flyball, 78XD, EV 97.5 MPH), Distance : 390 ft
Batting: LHB Josh George 0-0: Ball
1-0: Ball
2-0: Called Strike
2-1: Called Strike
2-2: Strikes out swinging
Batting: RHB Abel Surraca 0-0: Called Strike
0-1: SINGLE (Groundball, 56D, EV 108.1 MPH)
Batting: RHB Kyle Reilly 0-0: Swinging Strike
0-1: Ball
1-1: Ball
2-1: Fielders Choice at 2nd, 5-4 (Groundball, 5, EV 88.8 MPH)
Batting: LHB Alex Fernandez 0-0: Ball
1-0: Ball
2-0: Ball
3-0: Called Strike
3-1: Foul Ball, location: 2F
3-2: Ground out U3 (Groundball, 3L, EV 91.2 MPH)
Top of the 4th over - 5 runs, 4 hits, 0 errors, 1 left on base; Reading 9 - Harrisburg 1
BOTTOM OF THE 4TH
Harrisburg Senators batting - Pitching for Reading Fightin Phils : RHP Georgs Felitti
Now at 3B: Josh Martin
Batting: LHB John Luke 0-0: Ball
1-0: Ball
2-0: Foul Ball, location: 2F
2-1: Foul Ball, location: 2F
2-2: Fly out, F8 (Flyball, 8LD, EV 96.2 MPH)
Batting: RHB Gabe Almazan 0-0: Ball
1-0: SINGLE (Flyball, 6D, EV 89.4 MPH)
Batting: RHB Bryan Wheeler 0-0: Ball
1-0: Ball
2-0: Ball
3-0: Base on Balls
Gabe Almazan to second
Batting: LHB Nate Melendez 0-0: Ball
1-0: Foul Ball, location: 2F
1-1: Swinging Strike
1-2: Strikes out looking
Batting: RHB Naofumi Ishida 0-0: SINGLE (Line Drive, 7S, EV 105.0 MPH)
Gabe Almazan to third
Bryan Wheeler to second
Batting: RHB Paul Shell 0-0: Swinging Strike
0-1: Ball
1-1: DOUBLE (Flyball, 8RXD, EV 108.8 MPH)
Gabe Almazan scores
Bryan Wheeler scores
Naofumi Ishida to third
Runner from 3rd tries for Home, SAFE, no throw by CF
Batting: RHB Pat Drader 0-0: Ball
1-0: Ball
2-0: Foul Ball, location: 2F
2-1: Ground out 4-3 (Groundball, 4, EV 88.1 MPH)
Bottom of the 4th over - 3 runs, 3 hits, 0 errors, 1 left on base; Reading 9 - Harrisburg 4
TOP OF THE 5TH
Reading Fightin Phils batting - Pitching for Harrisburg Senators : RHP Chris Close
Batting: RHB Bill Moldenhauer 0-0: Reached on error, E9 (Flyball, 89XD, EV 105.6 MPH)
Batting: RHB Bryan Alfaro 0-0: Ball
1-0: Ball
2-0: Fielders Choice at 2nd, 4-6 (Groundball, 4, EV 97.5 MPH)
Batting: SHB Detlef Oursler 0-0: Ball
1-0: Ball
2-0: Swinging Strike
2-1: Fielders Choice at 2nd, 6-4 (Groundball, 56, EV 110.0 MPH)
Batting: RHB Prabhukumar Santhanakrishnan 0-0: Called Strike
Detlef Oursler steals 2nd base
0-1: Foul Ball, location: 2F
0-2: Ball
1-2: Ball
2-2: Ball
3-2: Foul Ball, location: 2F
3-2: Ground out 5-3 (Groundball, 5, EV 86.9 MPH)
Top of the 5th over - 0 runs, 0 hits, 1 error, 1 left on base; Reading 9 - Harrisburg 4
BOTTOM OF THE 5TH
Harrisburg Senators batting - Pitching for Reading Fightin Phils : RHP Georgs Felitti
Batting: RHB Antonio Laurel 0-0: Ball
1-0: Foul Ball, location: 2F
1-1: Swinging Strike
1-2: Ball
2-2: Ball
3-2: Base on Balls
Batting: RHB Donovan Auclair 0-0: Called Strike
0-1: Ball
1-1: Ball
2-1: Ball
3-1: Swinging Strike
3-2: Base on Balls
Antonio Laurel to second
Batting: LHB John Luke 0-0: Ball
1-0: 3-RUN HOME RUN (Flyball, 89XD, EV 108.1 MPH), Distance : 407 ft
Pitching: RHP Doug Frampton
Batting: RHB Gabe Almazan 0-0: Swinging Strike
0-1: Swinging Strike
0-2: Strikes out swinging
Batting: RHB Bryan Wheeler 0-0: Ball
1-0: Called Strike
1-1: Ball
2-1: Ball
3-1: Called Strike
3-2: Foul Ball, location: 2F
3-2: Foul Ball, location: 2F
3-2: Ground out 4-3 (Groundball, 4, EV 83.8 MPH)
Batting: LHB Nate Melendez 0-0: Ball
1-0: Ball
2-0: Ground out 4-3 (Groundball, 4, EV 86.9 MPH)
Bottom of the 5th over - 3 runs, 1 hit, 0 errors, 0 left on base; Reading 9 - Harrisburg 7
TOP OF THE 6TH
Reading Fightin Phils batting - Pitching for Harrisburg Senators : RHP Chris Close
Pitching: RHP Alpha Miller
Batting: RHB Mark Schultz 0-0: Ball
1-0: Ball
2-0: Swinging Strike
2-1: Foul Ball, location: 2F
2-2: Ball
3-2: Strikes out looking
Batting: LHB Josh George 0-0: Swinging Strike
0-1: Swinging Strike
0-2: Strikes out swinging
Batting: RHB Josh Martin 0-0: Called Strike
0-1: Called Strike
0-2: Foul Ball, location: 2F
0-2: Ball
1-2: Strikes out swinging
Top of the 6th over - 0 runs, 0 hits, 0 errors, 0 left on base; Reading 9 - Harrisburg 7
BOTTOM OF THE 6TH
Harrisburg Senators batting - Pitching for Reading Fightin Phils : RHP Doug Frampton
Batting: RHB Naofumi Ishida 0-0: Ball
1-0: Ground out 5-3 (Groundball, 56, EV 106.2 MPH)
Batting: RHB Paul Shell 0-0: Called Strike
0-1: Foul Ball, location: 2F
0-2: Ball
1-2: Ground out 5-3 (Groundball, 5, EV 85.6 MPH)
Batting: RHB Pat Drader 0-0: Foul Ball, location: 2F
0-1: Ball
1-1: Ball
2-1: SINGLE (Groundball, 5S, EV 66.9 MPH) (infield hit)
Batting: RHB Antonio Laurel 0-0: Ball
Pat Drader steals 2nd base
1-0: Foul Ball, location: 2F
1-1: Foul Ball, location: 2F
1-2: Ball
2-2: Fly out, F9 (Flyball, 89S, EV 85.6 MPH)
Bottom of the 6th over - 0 runs, 1 hit, 0 errors, 1 left on base; Reading 9 - Harrisburg 7
TOP OF THE 7TH
Reading Fightin Phils batting - Pitching for Harrisburg Senators : RHP Alpha Miller
Batting: RHB Kyle Reilly 0-0: Ball
1-0: Ball
2-0: SINGLE (Groundball, 56D, EV 95.0 MPH)
Batting: LHB Alex Fernandez 0-0: Sac Bunt to 13S - play at first, batter OUT! 1-3
Kyle Reilly to second
Batting: RHB Bill Moldenhauer 0-0: Foul Ball, location: 2F
0-1: Foul Ball, location: 2F
0-2: Strikes out swinging
Batting: RHB Bryan Alfaro 0-0: Called Strike
0-1: Called Strike
0-2: Ball
1-2: Ball
2-2: Ground out 5-3 (Groundball, 56S, EV 88.8 MPH)
Top of the 7th over - 0 runs, 1 hit, 0 errors, 1 left on base; Reading 9 - Harrisburg 7
BOTTOM OF THE 7TH
Harrisburg Senators batting - Pitching for Reading Fightin Phils : RHP Doug Frampton
Pitching: LHP Roger Farley
Batting: RHB Donovan Auclair 0-0: Ball
1-0: SOLO HOME RUN (Flyball, 78XD, EV 98.1 MPH), Distance : 404 ft
Batting: LHB John Luke 0-0: Swinging Strike
0-1: Foul Ball, location: 2F
0-2: Ball
1-2: Strikes out swinging
Batting: RHB Gabe Almazan 0-0: Ball
1-0: Ball
2-0: Called Strike
2-1: Fly out, F9 (Flyball, 9LM, EV 95.6 MPH)
Batting: RHB Bryan Wheeler 0-0: Swinging Strike
0-1: Ball
1-1: Swinging Strike
1-2: Ball
2-2: Strikes out swinging
Bottom of the 7th over - 1 run, 1 hit, 0 errors, 0 left on base; Reading 9 - Harrisburg 8
TOP OF THE 8TH
Reading Fightin Phils batting - Pitching for Harrisburg Senators : RHP Alpha Miller
Batting: SHB Detlef Oursler 0-0: Called Strike
0-1: Foul Ball, location: 2F
0-2: Foul Ball, location: 2F
0-2: Strikes out swinging
Batting: RHB Prabhukumar Santhanakrishnan 0-0: Foul Ball, location: 2F
0-1: Swinging Strike
0-2: Foul Ball, location: 2F
0-2: Ground out 5-3 (Groundball, P, EV 80.0 MPH)
Batting: RHB Mark Schultz 0-0: TRIPLE (Line Drive, 8LXD, EV 108.1 MPH)
Batting: LHB Josh George 0-0: Foul Ball, location: 2F
0-1: Foul Ball, location: 2F
0-2: Ball
1-2: Ball
2-2: Ball
3-2: Base on Balls
Batting: RHB Josh Martin 0-0: Fielders Choice at 2nd, 6-4 (Groundball, 56, EV 85.6 MPH)
Top of the 8th over - 0 runs, 1 hit, 0 errors, 2 left on base; Reading 9 - Harrisburg 8
BOTTOM OF THE 8TH
Harrisburg Senators batting - Pitching for Reading Fightin Phils : LHP Roger Farley
Batting: LHB Nate Melendez 0-0: Ground out U3 (Groundball, 23, EV 77.5 MPH)
Batting: RHB Naofumi Ishida 0-0: Swinging Strike
0-1: Swinging Strike
0-2: Fly out, F8 (Flyball, 8LS, EV 91.2 MPH)
Batting: RHB Paul Shell 0-0: Ball
1-0: SINGLE (Groundball, 56S, EV 71.2 MPH) (infield hit)
Batting: RHB Pat Drader 0-0: Foul Ball, location: 2F
0-1: Ball
1-1: Ground out U3 (Groundball, 3S, EV 87.5 MPH)
Bottom of the 8th over - 0 runs, 1 hit, 0 errors, 1 left on base; Reading 9 - Harrisburg 8
TOP OF THE 9TH
Reading Fightin Phils batting - Pitching for Harrisburg Senators : RHP Alpha Miller
Pitching: RHP Luis Astudillo
Batting: RHB Kyle Reilly 0-0: Swinging Strike
0-1: Swinging Strike
0-2: Strikes out swinging
Batting: LHB Alex Fernandez 0-0: Called Strike
0-1: Ball
1-1: Swinging Strike
1-2: Foul Ball, location: 2F
1-2: Ball
2-2: Foul Ball, location: 2F
2-2: Foul Ball, location: 2F
2-2: Strikes out swinging, 2-3 out at first.
Batting: RHB Bill Moldenhauer 0-0: Ball
1-0: Swinging Strike
1-1: Swinging Strike
1-2: Strikes out swinging
Top of the 9th over - 0 runs, 0 hits, 0 errors, 0 left on base; Reading 9 - Harrisburg 8
BOTTOM OF THE 9TH
Harrisburg Senators batting - Pitching for Reading Fightin Phils : LHP Roger Farley
Now at 2B: Steve Jones
Now at SS: Detlef Oursler
Batting: RHB Antonio Laurel 0-0: Fly out, F7 (Line Drive, 7, EV 102.5 MPH)
Batting: RHB Donovan Auclair 0-0: Ball
1-0: Ball
2-0: Ball
3-0: Base on Balls
Batting: LHB John Luke 0-0: Foul Ball, location: 2F
0-1: Ball
1-1: Swinging Strike
1-2: Strikes out looking
Batting: RHB Gabe Almazan 0-0: Ball
1-0: Called Strike
1-1: Foul Ball, location: 2F
1-2: Ball
2-2: Ball
3-2: Base on Balls
Donovan Auclair to second
Batting: RHB Bryan Wheeler 0-0: Ball
1-0: Fielders Choice at 2nd, 5-4 (Groundball, 56, EV 82.5 MPH)
Bottom of the 9th over - 0 runs, 0 hits, 0 errors, 2 left on base; Reading 9 - Harrisburg 8
Thursday, December 15th , 2022 - OOTP Baseball 23.9 Build 102